 Dungeon Crawl Stone Soup version 0.31.0-32-g396128a36d (webtiles) character file.

Game seed: 7771203243673345209

2269 Logoto the Cleaver (level 9, -3/79 HPs)
             Began as a Hill Orc Berserker on Mar 26, 2024.
             Was a Believer of Trog.
             Killed from afar by an electric eel (5 damage)
             ... with a bolt of electricity
             ... on level 7 of the Dungeon on Mar 27, 2024.
             The game lasted 00:18:12 (6201 turns).

Logoto the Cleaver (Hill Orc Berserker)             Turns: 6201, Time: 00:18:13

Health: -3/79      AC: 11    Str: 28    XL:     9   Next: 38%
Magic:  18/18      EV: 10    Int:  7    God:    Trog [**....]
Gold:   320        SH:  0    Dex: 10    Spells: 8/8 levels left

rFire   . . .        z - +2 battleaxe (flame)
rCold   . . .        (shield currently unavailable)
rNeg    . . .        l - +0 chain mail
rPois   +            (no helmet)
rElec   .            (no cloak)
rCorr   .            n - +0 pair of gloves
SInv    .            (no boots)
Will    .....        E - amulet of regeneration Stlth
                     d - ring of poison resistance
HPRegen 1.13/turn    y - ring "Vuklielu" {MP+9 Str+4}
MPRegen 0.16/turn

%: no passive effects
@: on berserk cooldown, slowed, very slow
A: no striking features
a: Renounce Religion, Berserk, Trog's Hand


You were on level 7 of the Dungeon.
You worshipped Trog.
Trog was pleased with you.
You visited 1 branch of the dungeon, and saw 7 of its levels.

You collected 397 gold pieces.
You spent 77 gold pieces at shops.

Inventory:

Hand Weapons
 z - a +2 battleaxe of flaming (weapon)
 D - a +1 whip of draining
Missiles
 w - 7 poisoned darts (quivered)
 A - 5 atropa-tipped darts
Armour
 l - a +0 chain mail (worn)
 n - a +0 pair of gloves (worn)
 s - a +0 tower shield
Jewellery
 d - a ring of poison resistance (left hand)
 m - a ring of ice
 y - the ring "Vuklielu" (right hand) {MP+9 Str+4}
   (You found it on level 4 of the Dungeon)

   [ring of magical power]

   Str+4:     It affects your strength (+4).
   MP+9:      It affects your magic capacity (+9).
 E - an amulet of regeneration (around neck)
Wands
 x - a wand of flame (27)
 B - a wand of digging (5)
 F - a wand of charming (6)
 H - a wand of roots (2)
 I - a wand of mindburst (15)
Scrolls
 b - 2 scrolls of fear
 c - a scroll of immolation {unknown}
 e - a scroll of torment
 f - a scroll of identify
 k - a scroll of enchant armour {unknown}
 p - a scroll of amnesia {unknown}
 q - a scroll of blinking {unknown}
 t - a scroll of poison
 u - a scroll of fog {unknown}
 v - a scroll of vulnerability {unknown}
 C - a scroll of teleportation
Potions
 g - 2 potions of mutation
 h - 4 potions of heal wounds
 i - 4 potions of might
 j - 3 potions of curing
 o - a potion of berserk rage
 r - 2 potions of attraction
 G - a potion of haste
 J - a potion of invisibility


   Skills:
 + Level 7.4 Fighting
 + Level 9.1 Axes
 + Level 1.0 Throwing
 + Level 7.2 Armour
 + Level 3.1 Dodging
 + Level 0.2 Stealth
 + Level 5.5 Shields


You had 8 spell levels left.
You didn't know any spells.
Your spell library was empty.

Dungeon Overview and Level Annotations

Branches:
Dungeon (7/15)             Temple (0/1) D:5

Altars:
Cheibriados
Dithmenos
Elyvilon
Fedhas
Nemelex Xobeh
Okawaru
Xom
Zin

Shops:
D:1 !   D:5 (


Message History

The bolt of electricity hits the plant!
The plant begins to die.
The bolt of electricity hits you!
The electric eel shoots out a bolt of lightning at you!
The bolt of electricity hits the plant!
The bolt of electricity hits you.
The electric eel shoots out a bolt of lightning at you!
The bolt of electricity hits you!
A red film seems to cover your vision as you go berserk!
You feel yourself moving faster!
You feel mighty!
The electric eel shoots out a bolt of lightning at you!
The bolt of electricity hits the plant!
The bolt of electricity hits you!
The electric eel shoots out a bolt of lightning at you!
The bolt of electricity hits you!
You feel a strong urge to attack something.
A nearby plant withers and dies.
You completely miss the electric eel.
The electric eel shoots out a bolt of lightning at you!
The bolt of electricity hits you!
The electric eel shoots out a bolt of lightning at you!
The bolt of electricity hits you! x2
* * * LOW HITPOINT WARNING * * *
The bolt of electricity misses the electric eel.
The bolt of electricity hits the plant.
The plant begins to die.
The bolt of electricity hits the plant!
The plant begins to die.
You are too berserk!
You feel a strong urge to attack something.
The electric eel shoots out a bolt of lightning at you!
The bolt of electricity hits you!
* * * LOW HITPOINT WARNING * * *
The electric eel shoots out a bolt of lightning at you!
The bolt of electricity hits you.
* * * LOW HITPOINT WARNING * * *
You are no longer berserk.
You are exhausted.
You feel yourself slow down.
The electric eel shoots out a bolt of lightning at you!
The bolt of electricity hits you!
* * * LOW HITPOINT WARNING * * *
The electric eel shoots out a bolt of lightning at you!
The bolt of electricity hits you.
You die...

#.. #.### ....#.#..
....#.#.# ....P~~P#
..P~PP~~#####
PP~PPP~~...(# .#####
PP~♣~~S.##### #.#...
♣~~S~.~.....# ###.#.#
~~.~~.#.###@# #.....#
PPP)....#...####.#...#
~..######.##.........#
.P...............#.#.#
P~...####.###........#
~ #)# #........# #.#
#....##### #.#
#........# #.#
###.####.#


You could see an electric eel.

Vanquished Creatures
  The ghost of seawaffle the Changeling, an amateur NaSh (D:5)
  A wyvern (D:6)
  A water moccasin (D:5)
  A black bear (D:5)
  A sky beast (D:4)
  3 ogres
  2 centaurs
  A phantom (D:5)
  Blork the orc (D:5)
  3 bullfrogs
  2 scorpions
  A hound (D:5)
  A jelly (D:4)
  A bombardier beetle (D:5)
  An orc priest (D:6)
  2 gnoll boudas
  Natasha (D:4)
  6 iguanas
  3 orc wizards (D:4)
  14 gnolls
  10 adders
  A shadow imp (D:5)
  A white imp (D:5)
  3 dart slugs
  A ribbon worm (D:3)
  7 orcs
  10 ball pythons
  5 bats
  3 endoplasms
  3 giant cockroaches
  7 hobgoblins
  3 jackals
  3 quokkas
  7 frilled lizards
  5 goblins
  4 kobolds
  12 rats
132 creatures vanquished.

Notes
Turn   | Place    | Note
-------+----------+-------------------------------------------
     0 | D:1      | Logoto the Hill Orc Berserker began the quest for the Orb.
     0 | D:1      | Reached XP level 1. HP: 19/19 MP: 1/1
   123 | D:1      | Found Dethinoi's Distillery.
   130 | D:1      | Reached XP level 2. HP: 27/27 MP: 2/2
   383 | D:1      | Bought a potion of might for 44 gold pieces
   383 | D:1      | Bought a potion of curing for 33 gold pieces
   661 | D:1      | Reached XP level 3. HP: 27/33 MP: 3/3
   935 | D:2      | Reached skill level 5 in Axes
  1030 | D:2      | Reached XP level 4. HP: 41/41 MP: 4/4
  1144 | D:2      | Reached ** piety under Trog
  1820 | D:3      | Reached skill level 5 in Fighting
  1820 | D:3      | Reached XP level 5. HP: 48/48 MP: 5/5
  1946 | D:3      | Found a shadowy altar of Dithmenos.
  1954 | D:3      | Identified the +6 short sword of the Holding Visionary
                  | {protect, rPois rF+}
  2274 | D:3      | Found a glowing silver altar of Zin.
  2275 | D:3      | Noticed an angel
  2277 | D:3      | Found a shimmering altar of Xom.
  2506 | D:3      | Found a faded altar of an unknown god.
  2713 | D:4      | Found a white marble altar of Elyvilon.
  2815 | D:4      | Identified the ring "Vuklielu" {MP+9 Str+4}
  2946 | D:4      | Reached skill level 6 in Axes
  2946 | D:4      | Reached skill level 1 in Shields
  2960 | D:4      | Reached XP level 6. HP: 37/56 MP: 6/6
  3134 | D:4      | Noticed Natasha
  3145 | D:4      | Killed Natasha
  3193 | D:4      | Noticed a sky beast
  3211 | D:4      | Killed a sky beast
  3504 | D:4      | Reached XP level 7. HP: 61/61 MP: 7/7
  3847 | D:5      | Entered Level 5 of the Dungeon
  3940 | D:5      | Found a staircase to the Ecumenical Temple.
  3945 | D:5      | Found Kirphib's Antique Weapon Boutique.
  3956 | D:5      | Reached skill level 7 in Axes
  3962 | D:5      | Found a runed translucent door.
  4154 | D:5      | Found an iron altar of Okawaru.
  4224 | D:5      | Noticed seawaffle's ghost (amateur NaSh)
  4242 | D:5      | Killed seawaffle's ghost
  4243 | D:5      | Reached XP level 8. HP: 70/70 MP: 8/8
  4358 | D:5      | Noticed Blork the orc
  4371 | D:5      | Killed Blork the orc
  4372 | D:5      | Reached skill level 8 in Axes
  4404 | D:5      | Reached skill level 5 in Armour
  4419 | D:5      | Found a snail-covered altar of Cheibriados.
  4419 | D:5      | Found a blossoming altar of Fedhas.
  4456 | D:5      | Reached skill level 5 in Shields
  4757 | D:6      | Noticed a wyvern
  4768 | D:6      | Killed a wyvern
  4864 | D:6      | Reached skill level 1 in Throwing
  4864 | D:6      | Reached XP level 9. HP: 79/79 MP: 9/9
  4968 | D:6      | Reached skill level 9 in Axes
  5315 | D:6      | Found a sparkling altar of Nemelex Xobeh.
  6200 | D:7      | HP: 1/79 [electric eel/bolt of electricity (8)]
  6201 | D:7      | Killed from afar by an electric eel

Illustrated notes

Levels and vault maps discovered:
D:1:      ldierk_walled_garden, layout_basic, serial_shops,
          nicolae_shop_pleasant_corner_grove
D:2:      layout_basic, minmay_joined_circles
D:3:      layout_loops_ring, grunt_dithmenos_smoke_and_mirrors,
          grunt_temple_overflow_order_and_chaos_1,
          shapermc_ecumenical_altar_mp_urbaneastern
D:4:      layout_basic, mainiacjoe_overflow_paths, kennysheep_path_1,
          roderic_cross_of_infinity, kennysheep_generic_room_8, uniq_natasha
D:5:      layout_basic, lemuel_coloured_pillars_altar, jmf_multi_god_temple,
          minmay_temple_entry_sparse_star, serial_shops,
          nicolae_shop_just_a_little_nook, ebering_ghost_reflecting_pool,
          uniq_blork_the_orc
D:6:      layout_basic, amcnicky_altar_gilded
D:7:      layout_basic, serial_bayou_lagoon_a, uniq_duvessa

Skill      XL: |  1  2  3  4  5  6  7  8  9 |
---------------+----------------------------+-----
Fighting       | 4 5 6 7 |  7.4
Axes           | 5 6 7 8 9 |  9.1
Dodging        | 2 3 |  3.1
Shields        | 2 3 4 5 |  5.5
Armour         | 3 4 5 7 |  7.2
Throwing       | 1 |  1.0
Stealth        | |  0.2

Action                     |  1- 3 |  4- 6 |  7- 9 || total
---------------------------+-------+-------+-------++-------
  Melee: Hand axe          |    84 |   189 |   103 ||   376
         Punch             |     2 |     1 |       ||     3
         Battleaxe         |       |       |    95 ||    95
  Throw: Dart              |       |       |     2 ||     2
 Invoke: Berserk           |     6 |     6 |    17 ||    29
    Use: Scroll            |       |       |    10 ||    10
 Armour: Animal skin       |    28 |       |       ||    28
         Chain mail        |    23 |   139 |   142 ||   304
  Dodge: Dodged            |    42 |    27 |    60 ||   129
  Block: Tower shield      |       |    99 |    54 ||   153
